 Dungeon Crawl Stone Soup version 0.27-a0-1119-gbf574a6a6b (webtiles) character file.

Game seed: 10358420198899299628

66 Zeld the Skirmisher (level 4, -4/33 HPs)
             Began as an Octopode Fighter on May 2, 2021.
             Slain by a phantom (7 damage)
             ... on level 4 of the Dungeon.
             The game lasted 00:01:24 (1498 turns).

Zeld the Skirmisher (Octopode Fighter)              Turns: 1498, Time: 00:01:25

Health: -4/33      AC:  1    Str: 16    XL:     4   Next: 15%
Magic:  4/4        EV: 11    Int: 10    God:
Gold:   17         SH:  9    Dex: 11    Spells: 3/3 levels left

rFire    . . .     SeeInvis .   a - +0 war axe
rCold    . . .     Faith    .   b - +0 kite shield
rNeg     . . .     Spirit   .   (helmet restricted)
rPois    .         Reflect  .   (no amulet)
rElec    .         Harm     .   (no ring)
rCorr    .         Rampage  .   (no ring)
Will     .....                  (no ring)
Stlth    ++........             (no ring)
HPRegen  0.11/turn              (no ring)
MPRegen  0.09/turn              (no ring)
                                (no ring)
                                (no ring)

@: mighty
A: almost no armour, amphibious, 8 rings, camouflage 1, gelatinous body 1,
(nimble swimmer 1), tentacles
a: no special abilities


You were on level 4 of the Dungeon.
You visited 1 branch of the dungeon, and saw 4 of its levels.

You collected 17 gold pieces.

Inventory:

Hand Weapons
 a - a +0 war axe (weapon)
Armour
 b - a +0 kite shield (worn)
Scrolls
 e - 2 scrolls of teleportation {unknown}
 f - a scroll of enchant weapon {unknown}
 h - a scroll of torment {unknown}
 i - a scroll of magic mapping {unknown}
Potions
 d - a potion of degeneration {unknown}
 g - a potion of ambrosia {unknown}


   Skills:
 * Level 3.7 Fighting
 * Level 3.0 Axes
 - Level 3.0 Dodging
 * Level 3.6 Shields


You had 3 spell levels left.
You didn't know any spells.
Your spell library was empty.

Dungeon Overview and Level Annotations

Branches:
Dungeon (4/15)
 Temple: D:4-7

Altars:


Innate Abilities, Weirdness & Mutations

You cannot wear most types of armour.
You are amphibious.
You can wear up to eight rings at the same time.
Your skin changes colour to match your surroundings (Stealth+).
Your rubbery body absorbs attacks. (AC +1, EV +1)
((You are camouflaged near water. (Stealth+)))
You have tentacles for arms and can constrict up to eight enemies at once.


Message History

The phantom hits you.
The phantom blinks!
You blink.
The phantom closely misses you.
Found a scroll labelled SURGHO SILL.
An iguana and a goblin come into view.
You barely miss the phantom.
The phantom is heavily damaged.
The phantom misses you.
You miss the phantom.
The phantom is heavily damaged.
The phantom barely misses you. The phantom closely misses you.
The goblin closely misses you.
You barely miss the phantom. Your squeeze misses the phantom.
The phantom is heavily damaged.
You slash the goblin!
You kill the goblin!
You block the phantom's attack.
You barely miss the phantom.
The phantom is heavily damaged.
You hit the iguana. You block the iguana's attack.
The phantom barely misses you. The iguana bites you.
You block the phantom's attack.
You barely miss the phantom.
The phantom is heavily damaged.
You completely miss the iguana. The iguana barely misses you.
The phantom barely misses you.
You hit the phantom.
The phantom is severely damaged.
You slash the iguana! The iguana bites you!
* * * LOW HITPOINT WARNING * * *
You block the phantom's attack. You block the iguana's attack.
The phantom hits you.
* * * LOW HITPOINT WARNING * * *
The phantom blinks!
You blink. 3 jackals come into view.
You closely miss the phantom. Your squeeze misses the phantom.
The phantom is severely damaged.
The jackal barks!
A jackal comes into view.
The phantom hits you!
You die...

#.. #.# # #.# .#
###.###.####..#
............?.#
#...l.......#### #.# #.#
.... ##.# .# #.####..#
##..# # .# #..W@..h#
≈...#.# .# #..###..hh..
≈≈≈.#.###[###......h....
#≈≈≈#..........## ####
≈≈≈≈†.....####.#
≈≈≈≈≈#.#..###...##.
≈.≈≈≈≈.#..>...#....
≈≈†#≈≈...####...##.
...≈≈.......§...# .#


You could see a phantom and 4 jackals.

Vanquished Creatures
  2 adders
  11 dart slugs
  A bat (D:1)
  An endoplasm (D:4)
  2 giant cockroaches
  2 goblins
  4 hobgoblins
  A kobold (D:1)
  A rat (D:1)
25 creatures vanquished.

Notes
Turn   | Place    | Note
-------+----------+-------------------------------------------
     0 | D:1      | Zeld the Octopode Fighter began the quest for the Orb.
     0 | D:1      | Reached XP level 1. HP: 16/16 MP: 1/1
    71 | D:1      | Reached XP level 2. HP: 21/21 MP: 2/2
   440 | D:2      | Reached XP level 3. HP: 4/26 MP: 3/3
  1349 | D:4      | Reached XP level 4. HP: 19/32 MP: 4/4
  1481 | D:4      | Noticed a phantom
  1498 | D:4      | Slain by a phantom

Illustrated notes

Levels and vault maps discovered:
D:1:      psy_arrival_statuary, layout_basic, minmay_cupped
D:2:      minmay_roachtagon, layout_loops_ring, chequers_ecumenical_altar_grove,
          serial_shops, nicolae_shop_waterfront, minivault_26,
          kennysheep_cross_bottleneck, serial_bayou_pond_b,
          minmay_misc_feat_secret_circle, minmay_increasing_density
D:3:      kennysheep_goblin_castle, layout_loops_cross,
          gammafunk_temple_overflow_statue, serial_shops, nicolae_shop_stone
D:4:      kennysheep_slugbush, layout_loops_ring, serial_shops,
          nicolae_shop_window_shopping, uniq_blork_the_orc

Skill      XL: |  1  2  3  4 |
---------------+-------------+-----
Axes           | 3 |  3.0
Fighting       | |  3.7
Dodging        | |  3.0
Shields        | |  3.6

Action                   |  1- 3 |  4- 6 || total
-------------------------+-------+-------++-------
Melee: War axe           |    44 |    13 ||    57
       Constrict         |    15 |       ||    15
       Tentacles         |     4 |     1 ||     5
  Use: Potion            |       |     1 ||     1
 Stab: Sleeping          |       |     1 ||     1
Armor: Skin              |     3 |       ||     3
Dodge: Dodged            |    27 |     9 ||    36
Block: Kite shield       |    28 |     7 ||    35

Table legend: (Time is in decaauts)
 A = Elapsed time spent in this place.
 B = Non-inter-level travel time spent in this place.
 C = Inter-level travel time spent in this place.
 D = Time resting spent in this place.
 E = Time spent auto-exploring this place.
 F = Levels seen in this place.
 G = Mean time per level.
                   A        B        C        D        E       F      G
               +--------+--------+--------+--------+--------+-----+--------+
         Total |   1533 |   1515 |     18 |    666 |    642 |   4 |  383.2 |
       Dungeon |   1533 |   1515 |     18 |    666 |    642 |   4 |  383.2 |
               +--------+--------+--------+--------+--------+-----+--------+

Top non-repeatable levels by time:
     D:3: 678 daAuts
     D:1: 417 daAuts
     D:4: 395 daAuts
     D:2: 42 daAuts
